 Dungeon Crawl Stone Soup version 0.30.1-11-g7821555f0a (webtiles) character file.

Game seed: 14060720753783457257

214 MOCHET the Ducker (level 6, -4/46 HPs)
             Began as a Djinni Air Elementalist on Dec 13, 2023.
             Killed by divine providence
             ... invoked by an orc priest
              (16 damage)
             ... on level 3 of the Dungeon.
             The game lasted 00:08:14 (2093 turns).

MOCHET the Ducker (Djinni Air Elementalist)         Turns: 2093, Time: 00:08:15

Health: -4/46      AC:  3    Str:  7    XL:     6   Next: 15%
Gold:   112        EV: 13    Int: 18    God:
                   SH:  0    Dex: 14

rFire   + + .        (no weapon)
rCold   x . .        (no shield)
rNeg    . . .        a - +0 robe
rPois   ∞            i - +0 helmet
rElec   .            (no cloak)
rCorr   .            (no gloves)
SInv    .            (boots unavailable)
Will    .....        (no amulet)
Stlth   ++           (no ring)
HPRegen 0.27/turn    (no ring)
MPRegen 0.00/turn

%: infuse magic (-5 HP)
@: flying
A: sickness immunity, fire resistance 2, cold vulnerability 1, float, innate
caster, HP casting, extra vitality 1
a: no special abilities


You were on level 3 of the Dungeon.
You visited 1 branch of the dungeon, and saw 3 of its levels.

You collected 112 gold pieces.

Inventory:

Armour
 a - a +0 robe (worn)
 i - a +0 helmet (worn)
Scrolls
 b - 6 scrolls of identify {unknown}
 c - 2 scrolls of blinking {unknown}
 d - a scroll of acquirement {unknown}
 f - a scroll of magic mapping {unknown}
 h - a scroll of amnesia {unknown}
 n - 2 scrolls of enchant armour {unknown}
Potions
 e - 2 potions of heal wounds {unknown}
 g - a potion of lignification {unknown}
 j - 2 potions of curing {unknown}
 k - a potion of cancellation {unknown}
 l - a potion of attraction {unknown}
 m - a potion of degeneration {unknown}


   Skills:
 * Level 3.5 Fighting
 + Level 3.7 Dodging
 - Level 1.8 Stealth
 + Level 3.2 Spellcasting


You knew the following spells:

 Your Spells              Type           Power      Damage    Failure   Level
a - Shock                 Conj/Air       56%        1d6       4%          1
b - Static Discharge      Conj/Air       28%        2-4/arc   6%          2
c - Swiftness             Air            14%        N/A       12%         3
d - Airstrike             Air            7%         2d(1-17)  38%         4
e - Sandblast             Erth           28%        2d8       4%          1
f - Passwall              Tmut/Erth      11%        N/A       6%          2
Your spell library was empty.

Dungeon Overview and Level Annotations

Branches:
Dungeon (3/15)

Altars:

Shops:
D:2 [


Innate Abilities, Weirdness & Mutations

You are immune to sickness and miasma.
You are immune to poison.
Your flesh is very heat resistant. (rF++)
You are vulnerable to cold. (rC-)
You float through the air rather than walking.
You learn spells naturally, not from books.
Your magical power is your life essence.
You have superior vitality. (+4 MHP)


Message History

An orc comes into view. It is wielding a +0 whip.
Casting: Sandblast (safe; 4% risk of failure)
Confirm with . or Enter, or press ? or * to list all spells.
Aiming: Sandblast (safe; 4% risk of failure)
Press: ? - help, Shift-Dir - straight line, f/p - orc priest
Aim: an orc priest, wielding a +0 hand axe and wearing a +0 leather armour (82% to hit)
The blast of sand hits the orc priest but does no damage.
Casting: Sandblast (safe; 4% risk of failure)
Confirm with . or Enter, or press ? or * to list all spells.
Aiming: Sandblast (safe; 4% risk of failure)
Press: ? - help, Shift-Dir - straight line, f/p - orc priest
Aim: an orc priest, wielding a +0 hand axe and wearing a +0 leather armour (82% to hit)
The blast of sand hits the orc!
You kill the orc!
An orc comes into view. It is wielding a +0 club.
Casting: Sandblast (safe; 4% risk of failure)
Confirm with . or Enter, or press ? or * to list all spells.
Aiming: Passwall (safe; 6% risk of failure)
Press: ? - help, Dir - move target, p - orc priest You can't see that place. [the floor.]
The orc shouts!
The orc hits you with a +0 whip. The orc priest barely misses you.
You begin to meditate on the wall.
You continue meditating on the rock.
The orc closely misses you. The orc barely misses you.
The orc priest invokes the aid of Beogh against you.
Pain shoots through your body!
You continue meditating on the rock.
The orc hits you with a +0 whip. The orc hits you with a +0 club.
The orc priest barely misses you.
You continue meditating on the rock.
The orc hits you with a +0 whip. The orc closely misses you.
The orc priest hits you with a +0 hand axe.
* * * LOW HITPOINT WARNING * * *
You finish merging with the rock.
Found a leather armour.
Found an escape hatch in the ceiling.
The orc priest invokes the aid of Beogh against you.
Beogh smites you!
You die...

.###÷#..#(.#..#########.......##
## #.##...###...........#.....#
#.#............>.####..#####
##.....###...####.####..#
###...#### ##..# #...##..#
#...#.# ####..######.....#
#g###... ..[...##.....o...# #.#
##### #.....#.#..##.o)#
..#########.#...@...###.o.)†..#
.#...[............### #.$...#...
...##............## #...### #
####..####..#..#.# #...# #.##
..###.#.. ....# #.# . #....
#...# #.# # ... ##### #.# <##.#
##.#


You could see an orc priest.

Vanquished Creatures
  A scorpion (D:3)
  4 gnolls
  5 adders
  2 orcs (D:3)
  8 bats
  5 endoplasms
  2 giant cockroaches (D:1)
  3 goblins
  9 hobgoblins
  4 jackals (D:3)
  4 kobolds
  4 quokkas
  6 ball pythons
  2 frilled lizards
  6 rats
65 creatures vanquished.

Notes
Turn   | Place    | Note
-------+----------+-------------------------------------------
     0 | D:1      | MOCHET the Djinni Air Elementalist began the quest for the
                  | Orb.
     0 | D:1      | MOCHET set off with the following spells memorised: Shock,
                  | Static Discharge, Swiftness, Airstrike.
     0 | D:1      | Reached XP level 1. HP: 15/15 MP: 0/0
    79 | D:1      | Reached XP level 2. HP: 15/21 MP: 0/0
   308 | D:1      | Reached skill level 1 in Fighting
   353 | D:1      | Reached XP level 3. HP: 25/27 MP: 0/0
   353 | D:1      | Learned a level 1 spell: Sandblast
   833 | D:2      | Found Waresaq's Antique Armour Shop.
   961 | D:2      | Reached XP level 4. HP: 32/33 MP: 0/0
  1509 | D:3      | Reached XP level 5. HP: 31/39 MP: 0/0
  1509 | D:3      | Learned a level 2 spell: Passwall
  1942 | D:3      | Reached XP level 6. HP: 26/46 MP: 0/0
  2093 | D:3      | Killed from afar by an orc priest

Illustrated notes

Levels and vault maps discovered:
D:1:      dpeg_arrival_rooms_b, layout_basic
D:2:      layout_loops_ring, serial_shops, nicolae_shop_tiny_real_fake_doors,
          minmay_octomino_j4
D:3:      layout_rooms, amcnicky_mini_pool_small

Skill      XL: |  1  2  3  4  5 |
---------------+----------------+-----
Fighting       | 1 2 3 |  3.5
Dodging        | 3 |  3.7
Spellcasting   | 3 |  3.2
Stealth        | |  1.8

Action                     |  1- 3 |  4- 6 || total
---------------------------+-------+-------++-------
   Cast: Shock             |    54 |    31 ||    85
         Sandblast         |    10 |    49 ||    59
         Passwall          |       |     3 ||     3
 Armour: Robe              |     4 |     4 ||     8
  Dodge: Dodged            |    16 |    27 ||    43
